 Dungeon Crawl Stone Soup version 0.28-a0-1524-ge72afd5fc6 (webtiles) character file.

Game seed: 14875361820219122514

253 HallandMoats the Skirmisher (level 5, 0/42 HPs)
             Began as a Demonspawn Fighter on Jan 18, 2022.
             Killed from afar by Ijyb (19 damage)
             ... with a bolt of acid
             ... on level 3 of the Dungeon.
             The game lasted 00:02:27 (1777 turns).

HallandMoats the Skirmisher (Demonspawn Fighter)    Turns: 1777, Time: 00:02:28

Health: 0/42       AC:  9    Str: 19    XL:     5   Next: 90%
Magic:  5/5        EV: 10    Int:  9    God:
Gold:   78         SH:  9    Dex: 18    Spells: 4/4 levels left

rFire   + . .      SeeInvis .   a - +0 rapier
rCold   + . .      Faith    .   c - +0 buckler
rNeg    . . .      Spirit   .   b - +0 scale mail
rPois   +          Reflect  .   (no helmet)
rElec   +          Harm     .   h - +1 cloak
rCorr   +          Rampage  .   (no gloves)
Will    .....                   (no boots)
Stlth   ..........              k - amulet of regeneration
HPRegen 0.94/turn               g - +6 ring of dexterity
MPRegen 0.09/turn               (no ring)

@: resistant
A: large bone plates 1, demonic guardian 1, ignite blood 1
a: no special abilities


You were on level 3 of the Dungeon.
You visited 1 branch of the dungeon, and saw 3 of its levels.

You collected 78 gold pieces.

Inventory:

Hand Weapons
 a - a +0 rapier (weapon)
Armour
 b - a +0 scale mail (worn)
 c - a +0 buckler (worn)
 h - a +1 cloak (worn)
Jewellery
 g - a +6 ring of dexterity (left hand)
 k - an amulet of regeneration (around neck)
Wands
 d - a wand of polymorph (7)
Scrolls
 e - 5 scrolls of teleportation {unknown}
 f - a scroll of identify {unknown}
Potions
 i - a potion of resistance
 j - a potion of curing


   Skills:
 * Level 4.1 Fighting
 * Level 3.1 Short Blades
 + Level 3.2 Armour
 + Level 1.5 Dodging
 * Level 3.8 Shields


You had 4 spell levels left.
You didn't know any spells.
Your spell library contained the following spells:

 Spells                   Type           Power      Damage    Failure   Level
 Summon Small Mammal      Summ           0%         N/A       83%         1
 Call Canine Familiar     Summ           0%         N/A       99%         3
 Summon Guardian Golem    Hex/Summ       0%         N/A       99%         3


Dungeon Overview and Level Annotations

Branches:
Dungeon (3/15)

Altars:

Shops:
D:2 =

Annotations:
D:3 Ijyb


Innate Abilities, Weirdness & Mutations

You are partially covered in large bone plates. (SH +4)
A weak demonic guardian rushes to your aid.
Your demonic aura sometimes causes spilled blood to erupt in flames.


Message History

Ijyb is moderately wounded.
Ijyb closely misses you.
Okay, then.
You closely miss Ijyb.
Ijyb is moderately wounded.
Ijyb screams, "Level is mine!
All mine!"
Ijyb zaps a wand.
The bolt of acid hits you!!
Ouch! That really hurt!
* * * LOW HITPOINT WARNING * * *
A demonic guardian appears!
What are your orders? t - Shout!
Orders for allies: a - Attack new target. r - Retreat! s - Stop attacking. g - Guard the area. f - Follow me.
Anything else - Cancel.
Gang up on whom?
Press: ? - help, Dir - move target, f - Ijyb
Aim: Ijyb, wielding a +0 club, wearing a +0 chain mail and carrying a wand of acid (4) (moderately wounded, ally target) Attack!
Ijyb misses you.
You feel better. Ijyb hits you with a +0 club.
* * * LOW HITPOINT WARNING * * *
Your quasit bites Ijyb.
Your quasit misses Ijyb.
Your quasit barely misses Ijyb.
It was a potion of resistance.
You feel protected.
Your quasit bites Ijyb but does no damage.
Your quasit barely misses Ijyb.
Your quasit claws Ijyb but does no damage.
You block Ijyb's attack.
You feel better.
Your quasit bites Ijyb but does no damage.
Your quasit claws Ijyb but does no damage. x2
Ijyb hits you but does no damage.
Your quasit closely misses Ijyb.
Your quasit claws Ijyb but does no damage.
Your quasit closely misses Ijyb.
You hit Ijyb but do no damage.
Ijyb is moderately wounded.
Ijyb zaps a wand.
The bolt of acid hits you!! You resist.
You die...

P.P...# ...PP)#
♣PP♣♣.### ...♣#...#
##### ..P♣#.#.# #...#
.♣♣♣###.# #...# ♣♣ #.#
#...# # #.# #g5.# # #.#
#@..# #
#.########...####
#######.................
........................
###########.####...#####
...### #.# ###.P.#
.....# #.# ....# ...#.#
#.#


PP... ...#.## #.# ♣♣♣P. You could see Ijyb (ally target) and a friendly quasit
(summoned).

Vanquished Creatures
  Grinder (D:3)
  Jessica (D:3)
  A worm (D:3)
  6 bats
  5 endoplasms
  2 giant cockroaches (D:3)
  3 hobgoblins
  5 kobolds
  2 ball pythons
  A frilled lizard (D:2)
  6 goblins
  5 rats
  A bush (D:3)
39 creatures vanquished.

Vanquished Creatures (others)
  A plant (D:3)
1 creature vanquished.

Grand Total: 40 creatures vanquished

Notes
Turn   | Place    | Note
-------+----------+-------------------------------------------
     0 | D:1      | HallandMoats the Demonspawn Fighter began the quest for the
                  | Orb.
     0 | D:1      | Reached XP level 1. HP: 18/18 MP: 1/1
   203 | D:1      | Gained mutation: You are partially covered in large bone
                  | plates. (SH +4) [demonic ancestry]
   203 | D:1      | Reached XP level 2. HP: 24/24 MP: 2/2
   284 | D:1      | Found a faded altar of an unknown god.
   901 | D:2      | Found Ubaurhis's Jewellery Shop.
  1086 | D:3      | Gained mutation: A weak demonic guardian rushes to your
                  | aid. [demonic ancestry]
  1086 | D:3      | Reached XP level 3. HP: 29/29 MP: 3/3
  1312 | D:3      | Noticed Jessica
  1318 | D:3      | Killed Jessica
  1501 | D:3      | Reached skill level 1 in Dodging
  1558 | D:3      | Noticed Grinder
  1573 | D:3      | Killed Grinder
  1574 | D:3      | Reached skill level 4 in Fighting
  1574 | D:3      | Gained mutation: Your demonic aura sometimes causes spilled
                  | blood to erupt in flames. [demonic ancestry]
  1574 | D:3      | Reached XP level 4. HP: 23/37 MP: 4/4
  1574 | D:3      | Reached XP level 5. HP: 27/42 MP: 5/5
  1749 | D:3      | Noticed Ijyb
  1772 | D:3      | HP: 2/42 [Ijyb/bolt of acid (24)]
  1777 | D:3      | Killed from afar by Ijyb

Illustrated notes

Levels and vault maps discovered:
D:1:      zaba_arrival_water, layout_rooms, dreamdust_ecumenical_altar_grove,
          chequers_serial_rivers_small_3, minmay_misc_feat_roman
D:2:      layout_basic, serial_shops, nicolae_lakefront_shop,
          minmay_misc_feat_hallway
D:3:      layout_basic, nicolae_ru_the_path_less_chosen, serial_forest,
          infiniplex_forest_clump_long, infiniplex_forest_straight_5,
          infiniplex_forest_straight_2, infiniplex_forest_end_double,
          infiniplex_forest_clump_small, infiniplex_forest_lined_ring,
          mrwooster_statue_mirror, minmay_hedge_maze, uniq_jessica, uniq_ijyb,
          uniq_grinder

Skill      XL: |  1  2  3 |
---------------+----------+-----
Short Blades   | 2 3 |  3.1
Shields        | 3 |  3.8
Dodging        | 1 |  1.5
Fighting       | 4 |  4.1
Armour         | 3 |  3.2

Action                   |  1- 3 |  4- 6 || total
-------------------------+-------+-------++-------
Melee: Rapier            |   221 |    26 ||   247
       Unarmed           |     4 |       ||     4
  Use: Potion            |     1 |     3 ||     4
Armor: Scale mail        |    38 |     7 ||    45
Dodge: Dodged            |    37 |     9 ||    46
Block: Buckler           |    51 |     6 ||    57

Table legend: (Time is in decaauts)
 A = Elapsed time spent in this place.
 B = Non-inter-level travel time spent in this place.
 C = Inter-level travel time spent in this place.
 D = Time resting spent in this place.
 E = Time spent auto-exploring this place.
 F = Levels seen in this place.
 G = Mean time per level.
                   A        B        C        D        E       F      G
               +--------+--------+--------+--------+--------+-----+--------+
         Total |   1814 |   1780 |     34 |     10 |   1311 |   3 |  604.7 |
       Dungeon |   1814 |   1780 |     34 |     10 |   1311 |   3 |  604.7 |
               +--------+--------+--------+--------+--------+-----+--------+

Top non-repeatable levels by time:
     D:3: 724 daAuts
     D:2: 569 daAuts
     D:1: 520 daAuts
